 Dungeon Crawl Stone Soup version 0.21-a0-633-g4c047d5 (webtiles) character file.

1694 VirginKiller the Ducker (level 8, -3/58 HPs)
             Began as a Demigod Transmuter on Dec 28, 2017.
             Slain by a two-headed ogre
             ... wielding a +0 giant spiked club
              (30 damage)
             ... on level 7 of the Dungeon.
             The game lasted 00:46:31 (4215 turns).

VirginKiller the Ducker (Demigod Transmuter)        Turns: 4215, Time: 00:46:32

Health: -3/58      AC:  2    Str: 13    XL:     8   Next: 44%
Magic:  7/13       EV: 30    Int: 17    God:
Gold:   125        SH:  0    Dex: 25    Spells: 4/10 levels left

rFire    . . .     SeeInvis +     - Unarmed
rCold    . . .     Gourm    .   (shield currently unavailable)
rNeg     . . .     Faith    .   (armour currently unavailable)
rPois    x         Spirit   .   (helmet currently unavailable)
rElec    .         Reflect  .   (cloak currently unavailable)
rCorr    .         Harm     .   (gloves currently unavailable)
MR       .....                  (boots currently unavailable)
Stlth    ++........             (no amulet)
HPRegen  0.19/turn              w - ring of see invisible
MPRegen  0.13/turn              (no ring)

@: spider-form, very slightly contaminated
A: tiny, high mp 1
a: End Transformation


You were on level 7 of the Dungeon.
You were very hungry.
You were a venomous arachnid creature.
You visited 1 branch of the dungeon, and saw 7 of its levels.

You collected 233 gold pieces.
You spent 108 gold pieces at shops.

Inventory:

Missiles
 a - 149 arrows
 h - 3 javelins
 n - 5 curare-tipped needles
 v - 2 throwing nets (quivered)
 y - 9 poisoned needles
Armour
 b - a +0 robe (melded)
 j - a +2 ring mail of magic resistance
 z - a +0 cloak (melded)
 A - a cursed +0 pair of gloves (melded)
Jewellery
 w - a ring of see invisible (left front leg)
Wands
 s - a wand of iceblast (10)
 D - a wand of disintegration (7)
Scrolls
 f - a scroll of amnesia {unknown}
 i - 2 scrolls of remove curse
 k - a scroll of enchant armour {unknown}
 p - 2 scrolls of blinking
 q - 6 scrolls of teleportation
 x - a scroll of fog {unknown}
 B - a scroll of identify
 C - a scroll of enchant weapon {unknown}
Potions
 e - a potion of degeneration {unknown}
 g - 3 potions of heal wounds
 m - 2 potions of agility {unknown}
 o - 3 potions of curing
 r - 2 potions of mutation {unknown}
 t - a potion of lignification
 u - 2 potions of might {unknown}
 E - a potion of haste {unknown}
Books
 c - a book of Changes

   Spells                             Type                      Level
   a - Beastly Appendage              Transmutation                1
   b - Sticks to Snakes               Transmutation                2
   c - Spider Form                    Transmutation/Poison         3
   d - Ice Form                       Ice/Transmutation            4
   e - Blade Hands                    Transmutation                5
Comestibles
 d - 10 rations


   Skills:
 - Level 0.8 Fighting
 - Level 7.7 Dodging
 - Level 5.5 Unarmed Combat
 - Level 1.7 Spellcasting
 * Level 5.1 Transmutations


You had 4 spell levels left.
You knew the following spells:

 Your Spells              Type           Power        Failure   Level  Hunger
a - Beastly Appendage     Tmut           ###...       9%          1    #......
b - Spider Form           Tmut/Pois      ##........   41%         3    ###....
c - Sticks to Snakes      Tmut           ###.....     12%         2    ###....


Dungeon Overview and Level Annotations

Branches:
Dungeon (7/15)
 Temple: D:4-7

Shops:
D:4 [   D:5 ?


Innate Abilities, Weirdness & Mutations

You have an increased reservoir of magic. (+10% MP)


Message History

Your cursed +0 pair of gloves melds into your body.
Your +0 robe melds into your body.
You are feeling very hungry.
The two-headed ogre completely misses you.
The two-headed ogre misses you.
Casting: Spider Form
Confirm with . or Enter, or press ? or * to list all spells.
You miscast Sticks to Snakes.
You are very lightly contaminated with residual magic.
You smell something strange.
You closely miss the two-headed ogre. The two-headed ogre closely misses you.
The two-headed ogre misses you.
You bite the two-headed ogre!
The two-headed ogre is poisoned.
The two-headed ogre is lightly wounded.
You hit the two-headed ogre.
The two-headed ogre is moderately wounded.
The two-headed ogre misses you.
The two-headed ogre hits you with a giant club!!
Ouch! That really hurt!
You die...

#..# #.####### #.##
#.# #.# ####.#######
#.# #........... #.#
#.###.######
#######.##### #.# #.#
............# #.# #.#
#######.#.#.####.###.#
#...sO.........#
#.###.##########
#..(..# #######


You could see a two-headed ogre.

Vanquished Creatures
  Sigmund (D:5)
  A phantom (D:5)
  3 ogres
  2 centaurs
  2 bullfrogs
  3 scorpions
  3 howler monkeys
  A crimson imp (D:6)
  A centaur zombie (D:7)
  2 jellies
  Crazy Yiuf (D:5)
  A centaur skeleton (D:4)
  Ijyb (D:3)
  3 worker ants
  6 adders
  A gnoll (D:4)
  2 adder skeletons (D:4)
  8 worms
  A dart slug (D:3)
  3 leopard geckos
  11 orcs
  A ball python (D:3)
  A bat (D:1)
  8 giant cockroaches
  10 goblins
  3 hobgoblins
  A jackal (D:1)
  7 kobolds
  3 quokkas
  6 frilled lizards
  2 leopard gecko zombies (D:5)
  6 rats
105 creatures vanquished.

Vanquished Creatures (collateral kills)
  An ice beast (D:5)
  An ogre (D:4)
  A water moccasin zombie (D:6)
  A crimson imp (D:5)
  A centaur skeleton (D:4)
  An iguana (D:6)
  2 gnolls (D:4)
  An adder (D:5)
  A shadow imp (D:7)
  An adder zombie (D:6)
  A worm (D:4)
  An orc (D:4)
13 creatures vanquished.

Grand Total: 118 creatures vanquished

Notes
Turn   | Place    | Note
-------+----------+-------------------------------------------
     0 | D:1      | VirginKiller the Demigod Transmuter began the quest for the Orb.
     0 | D:1      | Reached XP level 1. HP: 15/15 MP: 5/5
   271 | D:1      | Reached XP level 2. HP: 22/22 MP: 5/7
   877 | D:2      | Reached XP level 3. HP: 19/27 MP: 6/8
   917 | D:2      | Learned a level 3 spell: Spider Form
  1038 | D:2      | Reached XP level 4. HP: 26/34 MP: 3/9
  1207 | D:2      | Learned a level 2 spell: Sticks to Snakes
  1218 | D:3      | Found a shattered altar of Ashenzari.
  1415 | D:3      | Noticed Ijyb
  1425 | D:3      | Killed Ijyb
  1704 | D:3      | Found a glowing silver altar of Zin.
  1738 | D:3      | Reached skill level 5 in Transmutations
  1738 | D:3      | Reached XP level 5. HP: 36/39 MP: 6/10
  1756 | D:3      | Found a blossoming altar of Fedhas.
  1957 | D:3      | Reached skill level 2 in Dodging
  1975 | D:4      | Noticed an ogre
  1981 | D:4      | Noticed an ogre
  1982 | D:4      | Killed an ogre
  1982 | D:4      | Reached skill level 3 in Dodging
  1996 | D:4      | Killed an ogre
  1996 | D:4      | Reached XP level 6. HP: 44/46 MP: 5/11
  2016 | D:4      | Reached skill level 4 in Dodging
  2489 | D:5      | Entered Level 5 of the Dungeon
  2576 | D:5      | Reached skill level 5 in Dodging
  2647 | D:4      | Found Uxustiq's Antique Armour Emporium.
  2776 | D:5      | Reached XP level 7. HP: 37/51 MP: 1/12
  2837 | D:5      | Found Mose's Magic Scroll Boutique.
  2901 | D:5      | Bought a scroll of identify for 24 gold pieces
  2901 | D:5      | Bought a scroll of teleportation for 36 gold pieces
  2901 | D:5      | Bought 2 scrolls of random uselessness for 24 gold pieces
  2901 | D:5      | Bought a scroll of identify for 24 gold pieces
  2972 | D:5      | Reached skill level 6 in Dodging
  3076 | D:5      | Noticed Sigmund
  3083 | D:5      | Killed Sigmund
  3166 | D:5      | Reached skill level 7 in Dodging
  3223 | D:5      | Found a runed door.
  3231 | D:5      | Noticed Crazy Yiuf
  3236 | D:5      | Killed Crazy Yiuf
  3478 | D:6      | Reached XP level 8. HP: 51/58 MP: 2/13
  3612 | D:6      | Found a white marble altar of Elyvilon.
  3628 | D:6      | Found a stormy altar of Qazlal.
  3845 | D:7      | Reached skill level 5 in Unarmed Combat
  4092 | D:7      | Noticed a two-headed ogre
  4215 | D:7      | Slain by a two-headed ogre

Vault maps used:
D:1:      shiori_arrival_maze
D:2:      first_ration
D:3:      zin_statuary, lemuel_doored_altar, nicolae_ashenzari_panopticon,
          uniq_ijyb
D:4:      serial_shops, nicolae_shop_behind_doors
D:5:      serial_shops, shop, uniq_sigmund, uniq_crazy_yiuf_cottage
D:6:      nicolae_overflow_crystal_walls, elyvilon_altar_4,
          lemuel_temple_firewalk_b

Skill      XL: |  1  2  3  4  5  6  7  8 |
---------------+-------------------------+-----
Transmutations | 2 3 4 5 |  5.1
Dodging        | 3 5 7 |  7.7
Unarmed Combat | 3 5 |  5.5
Fighting       | |  0.8
Spellcasting   | |  1.7

Action                   |  1- 3 |  4- 6 |  7- 9 || total
-------------------------+-------+-------+-------++-------
Melee: Unarmed           |    78 |   167 |   118 ||   363
       Kick              |    11 |     3 |       ||    14
       Headbutt          |     7 |       |       ||     7
 Cast: Beastly Appendage |    17 |     3 |       ||    20
       Spider Form       |     4 |    27 |    25 ||    56
       Sticks to Snakes  |       |    13 |    30 ||    43
 Abil: End Transformatio |       |       |     1 ||     1
Evoke: Wand              |       |       |     2 ||     2
  Use: Scroll            |       |     1 |     4 ||     5
       Potion            |       |       |     3 ||     3
 Stab: Sleeping          |     1 |     3 |     1 ||     5
       Distracted        |       |     4 |     3 ||     7
  Eat: Chunk             |     1 |    10 |     8 ||    19
       Ration            |       |     1 |       ||     1
Armor: Robe              |     6 |     3 |       ||     9
       Skin              |       |     5 |     8 ||    13
Dodge: Dodged            |    35 |   124 |   126 ||   285

Table legend:
 A = Spawn XP
 B = Non-spawn XP
 C = Spawn XP percentage of total XP
 D = Spawn monster count
 E = Non-spawn monster count
 F = Spawn count percentage of total count
 G = Total turns spent on level
                    A         B        C        D         E        F      G
               +---------+---------+-------+---------+---------+-------+---------
         Total |       0 |    2421 |   0.0 |       0 |     118 |   0.0 |  4215
               +---------+---------+-------+---------+---------+-------+---------
           D:1 |       0 |      19 |   0.0 |       0 |      10 |   0.0 |   715
           D:2 |       0 |     114 |   0.0 |       0 |      23 |   0.0 |   568
           D:3 |       0 |     121 |   0.0 |       0 |      26 |   0.0 |   692
           D:4 |       0 |     421 |   0.0 |       0 |      16 |   0.0 |   615
           D:5 |       0 |     803 |   0.0 |       0 |      21 |   0.0 |   744
           D:6 |       0 |     569 |   0.0 |       0 |      14 |   0.0 |   340
           D:7 |       0 |     374 |   0.0 |       0 |       8 |   0.0 |   541
               +---------+---------+-------+---------+---------+-------+---------
